 Dungeon Crawl Stone Soup version 0.31-a0-369-g8eba5f6939 (webtiles) character file.

Game seed: 551847649760343638

4634 Flugkiller the Trooper (level 10, -1/79 HPs)
             Began as a Demonspawn Shapeshifter on July 28, 2023.
             Was a Follower of Uskayaw.
             Slain by a wyvern (12 damage)
             ... on level 9 of the Dungeon.
             The game lasted 00:10:12 (9048 turns).

Flugkiller the Trooper (Demonspawn Shapeshifter)    Turns: 9048, Time: 00:10:13

Health: -1/79      AC:  6    Str: 22    XL:     10   Next: 20%
Magic:  14/14      EV: 15    Int:  9    God:    Uskayaw [*.....]
Gold:   587        SH:  0    Dex: 18    Spells: 9/9 levels left

rFire   . .          .
                       - Unarmed
rCold   . . .        (no shield)
rNeg    . . .        f - +0 leather armour {Will+}
rPois   +            (helmet currently unavailable)
rElec   .            (cloak currently unavailable)
rCorr   .            (gloves currently unavailable)
SInv    .            (boots currently unavailable)
Will    +....        g - amulet of faith
Stlth   +            o - ring of poison resistance
HPRegen 0.33/turn    m - +6 ring of strength
MPRegen 0.14/turn

%: faith
@: beast-form
A: beast (slay +4), foul stench 2, sharp scales 3, corrupting presence 1,
weakness stinger 1
a: Begin Untransformation, Renounce Religion, Stomp


You were on level 9 of the Dungeon.
You worshipped Uskayaw.
Uskayaw was noncommittal.
You were a hulking beast.
You visited 1 branch of the dungeon, and saw 9 of its levels.

You collected 587 gold pieces.

Inventory:

Missiles
 s - 5 curare-tipped darts
Armour
 f - a +0 leather armour of willpower (worn)
   (You took it off an orc on level 4 of the Dungeon)
 j - a +0 pair of boots
   (You found it on level 1 of the Dungeon)
 w - a +1 hat of willpower
   (You found it on level 5 of the Dungeon)
Jewellery
 g - an amulet of faith (around neck)
   (You found it on level 2 of the Dungeon)
 m - a +6 ring of strength (right hand)
   (You found it on level 1 of the Dungeon)
 o - a ring of poison resistance (left hand)
   (You found it on level 1 of the Dungeon)
 p - a ring of protection from fire
   (You found it on level 3 of the Dungeon)
 D - a +6 ring of dexterity
   (You found it on level 2 of the Dungeon)
 I - a ring of magical power
   (You found it on level 8 of the Dungeon)
 K - a +6 ring of dexterity
   (You found it on level 9 of the Dungeon)
Talismans
 c - a beast talisman
 i - a serpent talisman
   (You found it on level 1 of the Dungeon)
 l - a maw talisman
   (You found it on level 4 of the Dungeon)
 y - a dragon-blood talisman
   (You found it on level 7 of the Dungeon)
Wands
 C - a wand of flame (11)
   (You found it on level 7 of the Dungeon)
 G - a wand of iceblast (8)
   (You found it on level 8 of the Dungeon)
Scrolls
 a - 2 scrolls of enchant armour
 b - a scroll of immolation
 e - 3 scrolls of poison
 n - 2 scrolls of vulnerability
 t - 3 scrolls of teleportation
 x - 2 scrolls of revelation
 z - a scroll of blinking
 B - a scroll of torment {unknown}
 E - a scroll of fog {unknown}
Potions
 d - a potion of invisibility {unknown}
 h - a potion of haste
 k - 2 potions of lignification
 q - a potion of curing
 r - a potion of berserk rage {unknown}
 u - a potion of magic {unknown}
 v - a potion of ambrosia {unknown}
 A - a potion of might {unknown}
 F - a potion of cancellation {unknown}
 H - a potion of enlightenment {unknown}
 J - a potion of attraction


   Skills:
 + Level 7.4 Fighting
 + Level 6.4 Dodging
 + Level 6.8 Unarmed Combat
 + Level 6.5 Invocations
 + Level 6.0 Shapeshifting


You had 9 spell levels left.
You didn't know any spells.
Your spell library contained the following spells:

 Spells                   Type           Power      Damage    Failure   Level
 Apportation              Tloc           0%         N/A       43%         1
 Freeze                   Ice            0%         1d3       43%         1
 Necrotise                Necr           0%         1d4       43%         1
 Summon Small Mammal      Summ           0%         N/A       43%         1
 Dazzling Flash           Conj/Hex       0%         N/A       80%         3
 Frozen Ramparts          Ice            0%         1d1       80%         3
 Hailstorm                Conj/Ice       0%         3d3       80%         3
 Ozocubu's Armour         Ice            0%         N/A       80%         3
 Leda's Liquefaction      Hex/Erth       0%         N/A       99%         4
 Agony                    Necr           0%         N/A       100%        5
 Lee's Rapid Deconstruct  Erth           0%         3d4*      100%        5
 Silence                  Hex/Air        0%         N/A       100%        5
 Leda's Unmaking          Conj/Erth      0%         9d1       100%        6
 Ozocubu's Refrigeration  Ice            0%         4d7       100%        7


Dungeon Overview and Level Annotations

Branches:
Dungeon (9/15) Zot: 25638  Temple (0/1) D:7            Lair (0/5) D:9
    Orc (0/2) D:9

Altars:
Ashenzari
Cheibriados
Dithmenos
Gozag
Kikubaaqudgha
Qazlal
Trog
Uskayaw
Vehumet
Yredelemnul

Shops:
D:2 :

Annotations:
D:6 exclusion: moth of wrath


Innate Abilities, Weirdness & Mutations

You are a hulking beast.
Your limbs bulge with bestial killing power. (Slay +4)
You sometimes emit foul miasma when damaged in melee.
You are completely covered in razor-sharp scales. (AC +3, Slay +3)
Your presence sometimes corrodes those you injure.
You have a small tail.


Message History

You hit the elephant.
The elephant is heavily wounded.
The elephant tramples you.
You hold your ground!
The elephant barely misses you.
You punch the elephant!
The elephant is heavily wounded.
The black bear bites you. The black bear barely misses you. x2
The elephant tramples you.
You hold your ground!
The elephant trunk-slaps you but does no damage.
You punch the elephant!
The elephant is severely wounded.
The elephant tramples you!
You stumble backwards!
Uskayaw will force your foes to helplessly watch your dance.
Uskayaw prepares the audience for your solo!
The black bear is no longer paralysed.
The elephant is no longer paralysed.
The elephant attacks as you move away! The elephant tramples you!
* * * LOW HITPOINT WARNING * * *
The elephant closely misses you. The elephant attacks as you move away!
The elephant closely misses you.
The elephant trunk-slaps you but does no damage.
You barely miss the elephant.
The elephant is severely wounded.
The elephant completely misses you. The elephant closely misses you.
Really quaff the potion of lignification?
Your transformation has ended.
You turn into a tree.
Your +0 leather armour of willpower melds into your body.
You feel less strong-willed.
Your roots penetrate the ground.
The elephant tramples you but does no damage.
The elephant trunk-slaps you but does no damage.
You completely miss the elephant.
The elephant is severely wounded.
You smack the elephant!
The elephant is almost dead.
The elephant tramples you but does no damage.
The elephant trunk-slaps you but does no damage.
Uskayaw will force your foes to helplessly watch your dance.
Uskayaw prepares the audience for your solo!
The helpless elephant fails to defend itself.
You smack the elephant!
You kill the elephant!
The black bear is no longer paralysed.
Your Shapeshifting skill increases to level 6!
You smack the black bear!
The black bear is moderately wounded.
The black bear is no longer paralysed.
The black bear bites you but does no damage.
The black bear claws you but does no damage. x2
Uskayaw will force your foes to share their pain.
Uskayaw links your audience in an emotional bond!
You hit the black bear.
The black bear is heavily wounded.
You cannot move.
You barely miss the black bear.
The black bear is heavily wounded.
The black bear bites you but does no damage.
The black bear claws you but does no damage. x2
You smack the black bear!
You kill the black bear!
The black bear bites you but does no damage.
The black bear claws you but does no damage. x2
You hit the black bear.
The black bear is heavily wounded.
The black bear bites you but does no damage.
The black bear claws you but does no damage. x2
You can now merge with and destroy a victim.
You smack the black bear!
You kill the black bear!
You cannot move.
You start resting.
Your transformation is almost over.
You feel less wooden.
Your +0 leather armour of willpower unmelds from your body.
You feel strong-willed.
You turn into a hulking beast.
You start resting.
A wyvern comes into view.
A wyvern is nearby!
The wyvern hisses angrily.
The wyvern attacks as you move away!
The wyvern bites you but does no damage.
You are too injured to fight recklessly!
You completely miss the wyvern. The wyvern bites you!
You closely miss the wyvern. The wyvern closely misses you.
The wyvern misses you.
You hit the wyvern.
The wyvern is lightly wounded.
The wyvern bites you.
You closely miss the wyvern.
The wyvern is lightly wounded.
The wyvern misses you.
You punch the wyvern! You punch the wyvern.
The wyvern is heavily wounded.
The wyvern bites you!
* * * LOW HITPOINT WARNING * * *
The wyvern bites you.
* * * LOW HITPOINT WARNING * * *
You hit the wyvern.
The wyvern is heavily wounded.
The wyvern bites you!
You die...

#.# ##########.# ####.....
# #.# #..........#
#.#...... ###.#
#.########## #...P....
....# #.# #.......> #####
#.# #...Yh... # #.#
#.#..$h.. #.# #.##.....
##.########### #.####...
########......hl....# #..#
#. >
..........#########.###..#
###########.# #....†....#
#.# #.#####...# #.# #.#
#...# #.######.# #...#
#.....>..# #..####.#
########.#####........
#.......#######


You could see a wyvern.

Vanquished Creatures
  A two-headed ogre (D:7)
  An elephant (D:9)
  A wyvern (D:7)
  A steam dragon (D:9)
  2 water moccasins
  2 ice beasts
  3 orc warriors
  3 black bears
  2 centaurs
  An ogre (D:5)
  2 phantoms
  2 kobold brigands
  A scorpion (D:7)
  2 bullfrogs
  4 wights
  7 killer bees (D:9)
  2 jellies
  2 hounds (D:5)
  9 orc priests
  2 gnoll boudas
  15 orc wizards
  An iguana (D:6)
  3 sleepcaps
  9 gnolls
  7 adders
  A shadow imp (D:6)
  2 white imps
  2 worms
  A dart slug (D:2)
  38 orcs
  4 endoplasms
  3 giant cockroaches
  4 goblins
  9 hobgoblins
  3 jackals (D:3)
  10 quokkas
  5 ball pythons
  7 bats
  19 kobolds
  9 rats
  A spectral orc (D:8)
203 creatures vanquished.

Notes
Turn   | Place    | Note
-------+----------+-------------------------------------------
     0 | D:1      | Flugkiller the Demonspawn Shapeshifter began the quest for
                  | the Orb.
     0 | D:1      | Reached XP level 1. HP: 15/15 MP: 1/1
   293 | D:1      | Gained mutation: You are partially covered in razor-sharp
                  | scales. (AC +1, Slay +1) [demonic ancestry]
   293 | D:1      | Reached XP level 2. HP: 14/21 MP: 2/2
   749 | D:2      | Reached skill level 2 in Fighting
   804 | D:2      | Found Zaynost's Book Boutique.
   894 | D:2      | Gained mutation: You may rarely emit foul miasma when
                  | damaged in melee. [demonic ancestry]
   894 | D:2      | Reached XP level 3. HP: 24/28 MP: 3/3
  1048 | D:2      | Reached skill level 3 in Fighting
  1380 | D:3      | Gained mutation: You sometimes emit foul miasma when
                  | damaged in melee. [demonic ancestry]
  1380 | D:3      | Reached XP level 4. HP: 10/35 MP: 4/4
  1624 | D:3      | You fall into a shaft and drop 2 floors!
  1624 | D:5      | Entered Level 5 of the Dungeon
  1712 | D:5      | Gained mutation: You are mostly covered in razor-sharp
                  | scales. (AC +2, Slay +2) [demonic ancestry]
  1712 | D:5      | Reached XP level 5. HP: 35/41 MP: 5/5
  1870 | D:4      | Found a shadowy altar of Dithmenos.
  2415 | D:3      | Found an opulent altar of Gozag.
  2435 | D:3      | Identified the +8 morningstar of Impermanence {heavy, *Rage
                  | rPois rN+++ Dex-4}
  3039 | D:4      | Gained mutation: You are completely covered in razor-sharp
                  | scales. (AC +3, Slay +3) [demonic ancestry]
  3039 | D:4      | Reached XP level 6. HP: 27/48 MP: 6/6
  3153 | D:4      | Found a broken altar of Ashenzari.
  3325 | D:3      | Reached skill level 4 in Fighting
  4160 | D:5      | Reached XP level 7. HP: 15/55 MP: 7/7
  4684 | D:5      | Found a hide-covered altar of Uskayaw.
  4983 | D:6      | Reached skill level 5 in Fighting
  5005 | D:6      | Found a radiant altar of Vehumet.
  5027 | D:6      | Found a snail-covered altar of Cheibriados.
  5204 | D:6      | Reached XP level 8. HP: 62/62 MP: 8/8
  5389 | D:6      | Noticed a moth of wrath
  5392 | D:6      | Found a bloodstained altar of Trog.
  5658 | D:6      | Found an ancient bone altar of Kikubaaqudgha.
  5762 | D:5      | Became a worshipper of Uskayaw the Reveller
  5790 | D:7      | Reached * piety under Uskayaw
  5791 | D:7      | Reached ** piety under Uskayaw
  5822 | D:7      | Reached skill level 5 in Unarmed Combat
  5822 | D:7      | Reached skill level 1 in Invocations
  5894 | D:7      | Reached *** piety under Uskayaw
  5900 | D:7      | Reached **** piety under Uskayaw
  6146 | D:7      | Reached ***** piety under Uskayaw
  6193 | D:7      | Noticed a two-headed ogre
  6203 | D:7      | Killed a two-headed ogre
  6204 | D:7      | Reached skill level 6 in Fighting
  6204 | D:7      | Reached skill level 5 in Dodging
  6204 | D:7      | Reached skill level 5 in Shapeshifting
  6204 | D:7      | Gained mutation: You have a small tail. [demonic ancestry]
  6204 | D:7      | Reached XP level 9. HP: 62/69 MP: 10/12
  6349 | D:7      | Found a staircase to the Ecumenical Temple.
  6628 | D:8      | Found a basalt altar of Yredelemnul.
  7121 | D:8      | Found a stormy altar of Qazlal.
  7866 | D:8      | Reached skill level 5 in Invocations
  8221 | D:9      | Reached skill level 7 in Fighting
  8422 | D:9      | Found a staircase to the Orcish Mines.
  8646 | D:9      | Gained mutation: Your presence sometimes corrodes those you
                  | injure. [demonic ancestry]
  8646 | D:9      | Reached XP level 10. HP: 56/79 MP: 14/14
  8941 | D:9      | Found a staircase to the Lair.
  8941 | D:9      | Noticed an elephant
  8963 | D:9      | Killed an elephant
  9048 | D:9      | Slain by a wyvern

Illustrated notes

Levels and vault maps discovered:
D:1:      saegor_arrival_simple_a, layout_rooms, serial_corexii_hall,
          chequers_hall_statues_corner_a, corexii_hall_statues_l,
          chequers_hall_statues_corner_a, chequers_hall_statues_wall_a,
          corexii_hall_statues_deadend, corexii_hall_statues_l,
          chequers_serial_rivers_micro_d
D:2:      layout_rooms, serial_shops, nicolae_book_shop_shelving,
          minmay_misc_feat_more_columns, grunt_decor_arrowhead
D:3:      layout_loops_corners, mainiacjoe_overflow_boulevard
D:4:      layout_cave_pools, old_standard_altar,
          grunt_dithmenos_smoke_and_mirrors, nicolae_letterblocks
          [nicolae_letter_subblock, nicolae_letter_subblock,
          nicolae_letter_subblock, nicolae_letter_subblock,
          nicolae_letter_subblock, nicolae_letter_subblock,
          nicolae_letter_subblock, nicolae_letter_subblock,
          nicolae_letter_subblock, nicolae_letter_subblock,
          nicolae_letter_subblock, nicolae_letter_subblock,
          nicolae_letter_subblock, nicolae_letter_subblock,
          nicolae_letter_subblock, nicolae_letter_subblock,
          nicolae_letter_subblock, nicolae_letter_subblock,
          nicolae_letter_subblock, nicolae_letter_subblock,
          nicolae_letter_subblock, nicolae_letter_subblock,
          nicolae_letter_subblock, nicolae_letter_subblock,
          nicolae_letter_subblock]
D:5:      layout_basic, lemuel_round_altar, nicolae_overflow_hidden_temple,
          hellmonk_no_cap
D:6:      layout_loops_ring, kiku_gazebo_pond_becter, tgw_trog,
          mainiacjoe_overflow_catch_the_wave
D:7:      layout_basic, minmay_temple_entry_enclosed_plants, minmay_starry_boxes
D:8:      layout_gridville, mainiacjoe_overflow_six_doors_small, tso_altar,
          yredelemnul_forgotten_temple_becter, nicolae_two_hexagons
D:9:      layout_loops_ring, david_lair_generic, erik_orc_4, minmay_orc_keep

Skill      XL: |  1  2  3  4  5  6  7  8  9 10 |
---------------+-------------------------------+-----
Shapeshifting  | 3 4 5 6 |  6.0
Fighting       | 2 3 4 5 6 7 |  7.4
Dodging        | 2 3 4 5 6 |  6.4
Unarmed Combat | 3 4 5 6 |  6.8
Invocations    | 4 6 |  6.5

Action                     |  1- 3 |  4- 6 |  7- 9 | 10-12 || total
---------------------------+-------+-------+-------+-------++-------
  Melee: Unarmed           |   100 |   169 |   285 |    41 ||   595
         Punch             |     1 |     6 |    15 |     3 ||    25
         Tailslap          |       |       |    20 |     2 ||    22
  Evoke: Wand              |       |       |     6 |       ||     6
    Use: Scroll            |     4 |     3 |     7 |       ||    14
         Potion            |     4 |       |     2 |     1 ||     7
   Stab: Sleeping          |     3 |       |     1 |       ||     4
         Paralysed         |       |       |     9 |     6 ||    15
 Armour: Animal skin       |    19 |       |       |       ||    19
         Leather armour    |     5 |    45 |    67 |     7 ||   124
         Skin              |     4 |     3 |       |    16 ||    23
  Dodge: Dodged            |    54 |    81 |   210 |    21 ||   366
   Form: Anaconda          |     1 |       |       |       ||     1
         Beast             |     1 |       |       |       ||     1

Table legend: (Time is in decaauts)
 A = Elapsed time spent in this place.
 B = Non-inter-level travel time spent in this place.
 C = Inter-level travel time spent in this place.
 D = Time resting spent in this place.
 E = Time spent auto-exploring this place.
 F = Levels seen in this place.
 G = Mean time per level.
                   A        B        C        D        E       F      G
               +--------+--------+--------+--------+--------+-----+--------+
         Total |   8997 |   8573 |    424 |   2415 |   4519 |   9 |  999.7 |
       Dungeon |   8997 |   8573 |    424 |   2415 |   4519 |   9 |  999.7 |
               +--------+--------+--------+--------+--------+-----+--------+

Top non-repeatable levels by time:
     D:3: 1663 daAuts
     D:8: 1450 daAuts
     D:5: 1169 daAuts
     D:6: 930 daAuts
     D:9: 887 daAuts
     D:7: 835 daAuts
     D:4: 756 daAuts
     D:1: 739 daAuts
     D:2: 564 daAuts
